 Dungeon Crawl Stone Soup version 0.22-a0-305-gd21a89c (webtiles) character file.

18 Borgoz the Skirmisher (level 2, 0/27 HPs)
             Began as a Hill Orc Fighter on Mar 31, 2018.
             Slain by a gnoll
             ... wielding a +0 flail
              (2 damage)
             ... on level 2 of the Dungeon.
             The game lasted 00:00:58 (817 turns).

Borgoz the Skirmisher (Hill Orc Fighter)             Turns: 817, Time: 00:01:00

Health: 0/27       AC:  6    Str: 18    XL:     2   Next: 70%
Magic:  2/2        EV:  7    Int:  8    God:
Gold:   49         SH:  9    Dex: 10    Spells: 1/1 levels left

rFire    . . .     SeeInvis .   a - +0 war axe
rCold    . . .     Gourm    .   c - +0 shield
rNeg     . . .     Faith    .   b - +0 scale mail
rPois    .         Spirit   .   (no helmet)
rElec    .         Reflect  .   (no cloak)
rCorr    .         Harm     .   (no gloves)
MR       .....                  (no boots)
Stlth    ..........             (no amulet)
HPRegen  0.09/turn              (no ring)
MPRegen  0.08/turn              (no ring)

@: no status effects
A: no striking features
a: no special abilities


You were on level 2 of the Dungeon.
You were not hungry.

You visited 1 branch of the dungeon, and saw 2 of its levels.

You collected 49 gold pieces.

Inventory:

Hand Weapons
 a - a +0 war axe (weapon)
Armour
 b - a +0 scale mail (worn)
 c - a +0 shield (worn)
Scrolls
 g - a scroll of blinking {unknown}
 h - a scroll of fog {unknown}
 i - a scroll of remove curse {unknown}
 j - a scroll of teleportation {unknown}
Potions
 d - a potion of might
 e - a potion of heal wounds {unknown}
 k - a potion of degeneration {unknown}
 l - 2 potions of curing {unknown}
 m - a potion of brilliance {unknown}
Comestibles
 f - 2 rations


   Skills:
 + Level 3.9 Fighting
 + Level 3.0 Axes
 + Level 3.5 Armour
 + Level 0.5 Dodging
 + Level 3.5 Shields


You had one spell level left.
You didn't know any spells.

Dungeon Overview and Level Annotations

Branches:
Dungeon (2/15)

Altars:
Nemelex Xobeh


Message History

You block the gnoll's attack. The gnoll hits you with a flail.
Your shield and scale mail prevent you from hitting the gnoll.
The gnoll is moderately wounded.
You barely miss the gnoll. The gnoll hits you but does no damage.
The gnoll barely misses you. You block the gnoll's attack.
Your shield and scale mail prevent you from hitting the gnoll.
The gnoll is moderately wounded.
You hit the gnoll but do no damage. You block the gnoll's attack.
The gnoll hits you with a halberd.
You hit the gnoll but do no damage.
The gnoll is moderately wounded.
You hit the gnoll. The gnoll hits you with a flail.
The gnoll closely misses you. You block the gnoll's attack.
You hit the gnoll but do no damage.
The gnoll is moderately wounded.
You hit the gnoll. You hit the gnoll but do no damage.
You block the gnoll's attack. The gnoll hits you with a halberd!
* * * LOW HITPOINT WARNING * * *
You block the gnoll's attack. The gnoll hits you with a flail.
You die...

# #.# #.#.# #
#.# #.#.# # #.#
#.#.# # #.#
#.#.### ###.#
#.#... ..#.#
#.#.############
....#
#.....?.........
....#
####(....g...#
...##
#.((.@g...# ...#
#....)g...# #+##
#.........#
.....
#.....[...#
#....
#.........# ..
#...[.....#
########### ##
.#####


You could see 3 gnolls.

Vanquished Creatures
  A leopard gecko (D:1)
  3 bats
  A goblin (D:1)
  3 hobgoblins
  5 frilled lizards (D:1)
  5 kobolds
  A rat (D:1)
19 creatures vanquished.

Notes
Turn   | Place    | Note
-------+----------+-------------------------------------------
     0 | D:1      | Borgoz the Hill Orc Fighter began the quest for the Orb.
     0 | D:1      | Reached XP level 1. HP: 19/19 MP: 1/1
   146 | D:1      | Reached XP level 2. HP: 22/27 MP: 2/2
   717 | D:2      | Found a sparkling altar of Nemelex Xobeh.
   817 | D:2      | Slain by a gnoll

Vault maps used:
D:1:      lemuel_arrival_rhombus
D:2:      minmay_door_path, nemelex_xobeh_ov_fountains_minmay,
          serial_bayou_pond_e

Skill      XL: |  1  2 |
---------------+-------+-----
Axes           | 3 |  3.0
Fighting       | |  3.9
Armour         | |  3.5
Dodging        | |  0.5
Shields        | |  3.5

Action                   || total
-------------------------++-------
Melee: War axe           ||    47
Armor: Scale mail        ||    25
Dodge: Dodged            ||    12
Block: Shield            ||    28

Table legend:
 A = Spawn XP
 B = Non-spawn XP
 C = Spawn XP percentage of total XP
 D = Spawn monster count
 E = Non-spawn monster count
 F = Spawn count percentage of total count
 G = Total turns spent on level
                    A         B        C        D         E        F      G
               +---------+---------+-------+---------+---------+-------+---------
         Total |       0 |      27 |   0.0 |       0 |      19 |   0.0 |   817
               +---------+---------+-------+---------+---------+-------+---------
           D:1 |       0 |      23 |   0.0 |       0 |      16 |   0.0 |   717
           D:2 |       0 |       4 |   0.0 |       0 |       3 |   0.0 |   100
               +---------+---------+-------+---------+---------+-------+---------
